 Dungeon Sprint DCSS version 0.21.0 (webtiles) character file.

2497 wojtek the Bludgeoner (level 9, -3/135 HPs)
             Began as a Minotaur Berserker on Jan 7, 2018.
             Was an Elder of Trog.
             Slain by a hornet (14 damage)
             ... while paralysed by a hornet
             ... in the Dungeon (Sprint I: "Red Sonja").
             The game lasted 00:01:48 (782 turns).

wojtek the Bludgeoner (Minotaur Berserker)           Turns: 782, Time: 00:01:48

Health: -3/135     AC:  7    Str: 29    XL:     9   Next: 28%
Magic:  8/8        EV:  2    Int:  4    God:    Trog [****..]
Gold:   405        SH:  0    Dex: 11    Spells: 8/8 levels left

rFire    . . .     SeeInvis .   a - +0 mace
rCold    . . .     Gourm    .   (no shield)
rNeg     . . .     Faith    .   k - +0 ring mail (curse)
rPois    .         Spirit   .   (helmet restricted)
rElec    .         Reflect  .   (no cloak)
rCorr    .         Harm     .   (no gloves)
MR       .....     NoTele   +   (no boots)
Stlth    ..........             (no amulet)
HPRegen  0.32/turn              (no ring)
MPRegen  0.11/turn              (no ring)

@: paralysed, berserking, lethally poisoned (-3 -> -10), slowed
A: retaliatory headbutt, horns 2
a: Berserk, Trog's Hand, Brothers in Arms, Burn Spellbooks, Renounce Religion


You were in the Dungeon.
You worshipped Trog.
Trog was greatly pleased with you.
You were not hungry.

You visited 1 branch You collected 405 gold pieces.

Inventory:

Hand Weapons
 a - a +0 mace (weapon)
Missiles
 l - a throwing net (quivered)
Armour
 b - a +0 animal skin
 k - a cursed +0 ring mail (worn)
 n - a +0 scale mail
Wands
 m - a wand of clouds (6)
Scrolls
 i - a scroll of blinking
Potions
 d - a potion of curing
 e - a potion of heal wounds
 f - a potion of haste
 g - 2 potions of magic
 h - a potion of berserk rage
Comestibles
 c - 2 rations


   Skills:
 + Level 11.8 Fighting
 * Level 15.6 Maces & Flails
 + Level 11.6 Armour
 + Level 10.7 Dodging


You had 8 spell levels left.
You didn't know any spells.

Dungeon Overview and Level Annotations

Branches:
Dungeon (1/1)

Altars:
Cheibriados
Dithmenos
Elyvilon
Fedhas
Gozag
Hepliaklqana
Kikubaaqudgha
Makhleb
Nemelex Xobeh
Okawaru
Qazlal
Ru
Sif Muna
Trog
Uskayaw
Vehumet
Wu Jian
Xom
Yredelemnul
Zin
The Shining One
Jiyva
Lugonu

Shops:
D *


Innate Abilities, Weirdness & Mutations

You reflexively headbutt those who attack you in melee.
You have a pair of horns on your head.


Message History

You feel as though you will be slow longer.
A red film seems to cover your vision as you go berserk!
You feel yourself moving faster!
You feel mighty!
You feel quite a bit more hungry.
You feel sick. The hornet stings you!
* * * LOW HITPOINT WARNING * * *
You shrug off the repeated paralysis!
The hornet closely misses you.
You hit the hornet.
The hornet is lightly wounded.
The hornet barely misses you.
You bludgeon the hornet!!
The hornet is almost dead.
The hornet stings you.
* * * LOW HITPOINT WARNING * * *
You suddenly lose the ability to move!
You feel sick. The hornet stings you!
* * * LOW HITPOINT WARNING * * *
You are more poisoned.
You feel as though you will be slow longer.
You feel sick. The hornet stings you!
You die...

#####################
.)..#.)'..#__#..'.).#
.#..'..#..'..'..#)..#
###'#####'#__####...+
##..#...#§####§§#####
_####..##.#)§≈§§#$$#
____##'#_.'§≈≈§§@y§#
.∩...'..._#§§≈§§#$$#
..__##_.#§##+#####+#
____###+#.# ##### ###


You could see a hornet.

Vanquished Creatures
  2 centaur warriors (D)
  2 kobold demonologists (D)
  A slime creature (D)
  Sigmund (D)
  A yak (D)
  A floating eye (D)
  An ogre (D)
  A jelly (D)
  Ijyb (D)
11 creatures vanquished.

Notes
Turn   | Place    | Note
-------+----------+-------------------------------------------
     0 | D        | wojtek the Minotaur Berserker began the quest for the Orb.
     0 | D        | Reached XP level 1. HP: 19/19 MP: 0/0
     1 | D        | Noticed Ijyb
     7 | D        | Killed Ijyb
     7 | D        | Reached skill level 5 in Maces & Flails
     7 | D        | Reached XP level 2. HP: 28/28 MP: 1/1
    57 | D        | Noticed an ogre
    61 | D        | Killed an ogre
    61 | D        | Reached skill level 7 in Maces & Flails
    61 | D        | Reached skill level 5 in Armour
    61 | D        | Reached XP level 3. HP: 28/37 MP: 2/2
    61 | D        | Reached XP level 4. HP: 34/44 MP: 3/3
   194 | D        | Noticed Sigmund
   213 | D        | Killed Sigmund
   213 | D        | Reached ** piety under Trog
   213 | D        | Reached skill level 10 in Maces & Flails
   213 | D        | Reached XP level 5. HP: 32/53 MP: 4/4
   213 | D        | Reached XP level 6. HP: 37/61 MP: 5/5
   331 | D        | Found a burning altar of Makhleb.
   331 | D        | Found a viscous altar of Jiyva.
   331 | D        | Found a shimmering altar of Xom.
   331 | D        | Found a corrupted altar of Lugonu.
   331 | D        | Noticed a slime creature
   337 | D        | Killed a slime creature
   337 | D        | Reached skill level 11 in Maces & Flails
   376 | D        | Found an ornate altar of the Wu Jian Council.
   376 | D        | Found a deep blue altar of Sif Muna.
   378 | D        | Found a radiant altar of Vehumet.
   414 | D        | Found Seijod's General Store.
   414 | D        | Found an ancient bone altar of Kikubaaqudgha.
   414 | D        | Found a hazy altar of Hepliaklqana.
   414 | D        | Found a stormy altar of Qazlal.
   414 | D        | Found a hide-covered altar of Uskayaw.
   414 | D        | Found a blossoming altar of Fedhas.
   414 | D        | Found a bloodstained altar of Trog.
   414 | D        | Found an iron altar of Okawaru.
   414 | D        | Found a basalt altar of Yredelemnul.
   414 | D        | Found a glowing golden altar of the Shining One.
   414 | D        | Found a snail-covered altar of Cheibriados.
   414 | D        | Found a sacrificial altar of Ru.
   414 | D        | Found a glowing silver altar of Zin.
   414 | D        | Found a shadowy altar of Dithmenos.
   414 | D        | Found a white marble altar of Elyvilon.
   414 | D        | Noticed a yak
   421 | D        | Killed a yak
   421 | D        | Reached *** piety under Trog
   421 | D        | Reached skill level 12 in Maces & Flails
   421 | D        | Reached XP level 7. HP: 57/70 MP: 6/6
   422 | D        | Found an opulent altar of Gozag.
   423 | D        | Found a sparkling altar of Nemelex Xobeh.
   481 | D        | Noticed a kobold demonologist
   482 | D        | Noticed a kobold demonologist
   490 | D        | Killed a kobold demonologist
   490 | D        | Reached skill level 10 in Fighting
   490 | D        | Reached skill level 13 in Maces & Flails
   493 | D        | Noticed a neqoxec
   497 | D        | Killed a kobold demonologist
   497 | D        | Reached **** piety under Trog
   497 | D        | Reached skill level 10 in Armour
   497 | D        | Reached XP level 8. HP: 80/80 MP: 7/7
   531 | D        | Noticed a centaur warrior
   538 | D        | Noticed a centaur warrior
   541 | D        | Killed a centaur warrior
   541 | D        | Reached skill level 14 in Maces & Flails
   541 | D        | Reached skill level 10 in Dodging
   552 | D        | Killed a centaur warrior
   552 | D        | Reached skill level 15 in Maces & Flails
   552 | D        | Reached XP level 9. HP: 32/90 MP: 8/8
   775 | D        | Paralysed by a hornet for 2 turns
   780 | D        | Paralysed by a hornet for 2 turns
   782 | D        | Slain by a hornet

Skill      XL: |  1  2  3  4  5  6  7  8 |
---------------+-------------------------+-----
Fighting       | 4 6 7 9 10 11 | 11.8
Maces & Flails | 5 7 10 12 13 15 | 15.6
Armour         | 3 5 7 8 10 11 | 11.6
Dodging        | 3 4 6 8 9 10 | 10.7

Action                   |  1- 3 |  4- 6 |  7- 9 || total
-------------------------+-------+-------+-------++-------
Melee: Mace              |     7 |    27 |    28 ||    62
       Headbutt          |     1 |     7 |     6 ||    14
Invok: Berserk           |     2 |     1 |     3 ||     6
  Eat: Chunk             |       |     1 |       ||     1
       Ration            |       |       |     1 ||     1
Armor: Animal skin       |     1 |       |       ||     1
       Ring mail         |       |     1 |     3 ||     4
Dodge: Dodged            |     2 |    11 |    13 ||    26
